 Dungeon Crawl Stone Soup version 0.29.1-2-gbd0b4ee654 (webtiles) character file.

Game seed: 17608231707139771219

93 GigaChad the Covered (level 4, -2/40 HPs)
             Began as a Minotaur Fighter on Nov 22, 2022.
             Killed by nerve-wracking pain
             ... invoked by an orc priest
              (9 damage)
             ... on level 3 of the Dungeon.
             The game lasted 00:05:07 (2604 turns).

GigaChad the Covered (Minotaur Fighter)             Turns: 2604, Time: 00:05:08

Health: -2/40      AC: 12    Str: 23    XL:     4   Next: 37%
Magic:  3/3        EV:  6    Int:  5    God:
Gold:   177        SH:  4    Dex:  9    Spells: 3/3 levels left

rFire   . . .      SeeInvis .   a - +0 war axe
rCold   . . .      Faith    .   c - +0 buckler
rNeg    . . .      Spirit   .   r - +0 plate armour
rPois   .          Reflect  .   (helmet restricted)
rElec   .          Harm     .   (no cloak)
rCorr   .          Rampage  .   (no gloves)
Will    .....                   (no boots)
Stlth   ..........              (no amulet)
HPRegen 0.13/turn               (no ring)
MPRegen 0.08/turn               (no ring)

@: no status effects
A: horns 2, retaliatory headbutt
a: no special abilities


You were on level 3 of the Dungeon.
You visited 1 branch of the dungeon, and saw 3 of its levels.

You collected 177 gold pieces.

Inventory:

Hand Weapons
 a - a +0 war axe (weapon)
Missiles
 h - 2 javelins (quivered)
Armour
 b - a +0 scale mail
 c - a +0 buckler (worn)
 m - a +0 chain mail
 r - a +0 plate armour (worn)
Jewellery
 o - a ring of see invisible
Scrolls
 g - 2 scrolls of magic mapping {unknown}
 j - a scroll of amnesia {unknown}
 l - a scroll of fear {unknown}
 n - 2 scrolls of teleportation
 q - a scroll of enchant weapon {unknown}
 t - a scroll of identify {unknown}
Potions
 d - a potion of might
 e - 3 potions of curing {unknown}
 f - a potion of invisibility {unknown}
 i - a potion of cancellation {unknown}
 k - 2 potions of haste {unknown}
 p - 2 potions of heal wounds {unknown}
 s - a potion of mutation {unknown}
 u - a potion of attraction {unknown}


   Skills:
 * Level 4.3 Fighting
 + Level 3.9 Axes
 + Level 4.4 Armour
 * Level 4.2 Shields


You had 3 spell levels left.
You didn't know any spells.
Your spell library contained the following spells:

 Spells                   Type           Power      Damage    Failure   Level
 Apportation              Tloc           0%         N/A       100%        1
 Freeze                   Ice            0%         1d3       100%        1
 Shock                    Conj/Air       0%         1d3       100%        1
 Frozen Ramparts          Ice            0%         1d1       100%        3
 Swiftness                Air            0%         N/A       100%        3
 Airstrike                Air            0%         2d(0-16)  100%        4
 Hailstorm                Conj/Ice       0%         3d3       100%        4
 Alistair's Intoxication  Tmut/Pois      0%         N/A       100%        5


Dungeon Overview and Level Annotations

Branches:
Dungeon (3/15)

Altars:


Innate Abilities, Weirdness & Mutations

You have a pair of horns on your head.
You reflexively headbutt those who attack you in melee.


Message History

2 orcs and an orc priest come into view.
The orc shouts! x2
The orc priest calls down the wrath of Beogh upon you.
Pain shoots through your body!
The orc moves out of view.
The orc priest looks braver for a moment.
The orc priest calls down the wrath of Beogh upon you.
Pain shoots through your body!
The orc priest miscasts a cantrip.
You see here a +0 hand axe.
The orc priest hits you but does no damage.
You hit the orc priest.
The orc priest is moderately wounded.
You hit the orc.
The orc priest hits you but does no damage.
The orc priest calls down the wrath of Beogh upon you.
Beogh smites you!
* * * LOW HITPOINT WARNING * * *
The orc hits you with a +0 whip.
* * * LOW HITPOINT WARNING * * *
You closely miss the orc priest.
The orc priest is moderately wounded.
You hit the orc.
You kill the orc!
The orc priest barely misses you.
You slash the orc priest!
The orc priest is almost dead.
You hit the orc priest but do no damage.
You block the orc priest's attack.
The orc priest looks braver for a moment.
The orc priest hits you but does no damage.
You slash the orc!
You kill the orc!
You barely miss the orc priest. The orc priest barely misses you.
You furiously retaliate!
You headbutt the orc priest. You barely miss the orc priest.
The orc priest is almost dead.
You hit the orc priest.
The orc priest mumbles some strange prayers to Beogh against you.
Pain shoots through your body!
You die...

#.##...# #.##.### #..
#.##.# #.# #.##.#
####.# #.##.# #.....
#.# #.##o# ##.##
#.##.#
#...###.##.########.#
#.#.....<...o@).....#
#...###.##..o########
##### #.####.# #.#
...# #.. ..#...
#####. .##. ## ## #


You could see 2 orc priests.

Vanquished Creatures
  2 adders (D:2)
  A worm (D:2)
  6 dart slugs
  2 orcs (D:3)
  6 endoplasms
  A giant cockroach (D:2)
  6 goblins
  6 hobgoblins
  4 jackals (D:2)
  A quokka (D:2)
  2 ball pythons (D:1)
  4 bats
  7 frilled lizards
  7 kobolds
  3 rats
58 creatures vanquished.

Notes
Turn   | Place    | Note
-------+----------+-------------------------------------------
     0 | D:1      | GigaChad the Minotaur Fighter began the quest for the Orb.
     0 | D:1      | Reached XP level 1. HP: 19/19 MP: 0/0
   593 | D:1      | Reached XP level 2. HP: 27/27 MP: 1/1
  1208 | D:2      | Reached XP level 3. HP: 19/33 MP: 2/2
  2148 | D:2      | Reached XP level 4. HP: 29/40 MP: 3/3
  2604 | D:3      | Killed from afar by an orc priest

Illustrated notes

Levels and vault maps discovered:
D:1:      dpeg_arrival_refuge, layout_basic, serial_corexii_hall,
          corexii_hall_statues_t, chequers_hall_statues_corner_a,
          serial_bayou_pond_e
D:2:      minmay_thinvault, layout_basic
D:3:      layout_loops_ring, pf_just_have_faith,
          hellmonk_ecumenical_altar_leap_of_faith, hex_tiny

Skill      XL: |  1  2  3 |
---------------+----------+-----
Armour         | 4 |  4.4
Axes           | 3 |  3.9
Fighting       | 4 |  4.3
Shields        | 4 |  4.2

Action                   |  1- 3 |  4- 6 || total
-------------------------+-------+-------++-------
Melee: War axe           |    79 |    33 ||   112
       Headbutt          |     4 |     5 ||     9
Throw: Javelin           |    21 |       ||    21
  Use: Scroll            |     1 |       ||     1
Armor: Scale mail        |    19 |       ||    19
       Chain mail        |    19 |       ||    19
       Plate armour      |    17 |    33 ||    50
Dodge: Dodged            |    30 |    14 ||    44
Block: Buckler           |    19 |    11 ||    30
